Map: Inferno Pools

Players

Pseudorandom - Winner!

CranK

  • Race: Protoss Protoss
  • Spawn Location: 11:00

VOD

Have the link to the VOD?

Description

Time

  • Played on: April 2, 2015, 12:04 a.m.
  • Length: 11:38
Show
View Real Time Build Order
Export as new Build Order

Pseudorandom Zerg - Winner!

Build Orders: Pool First 

Get SALT Encoding   

  12  0:01  Drone  
  13  0:08  Drone  
  14  0:16  Drone, Extractor  
  14  0:32  Spawning Pool  
  13  0:36  Drone  
  14  0:44  Overlord  
  14  0:55  Drone, Extractor  
  15  1:03  Drone x2  
  17  1:18  Metabolic Boost  
  17  1:19  Zergling x2  
  17  1:20  Zergling x2  
  19  1:29  Queen  
  21  1:36  Overlord  
  21  1:41  Zergling x2  
  22  1:55  Zergling x2  
  23  2:02  Zergling x2  
  24  2:08  Hatchery  
  24  2:14  Zergling x2  
  24  2:24  Overlord  
  24  2:39  Zergling x6  
  24  2:40  Zergling x4  
  29  2:48  Zergling x2  
  27  3:01  Drone  
  27  3:03  Hatchery  
  26  3:10  Drone  
  26  3:11  Drone x2  
  29  3:19  Drone  
  30  3:20  Drone  
  30  3:25  Drone x2  
  32  3:32  Drone  
  32  3:35  Drone  
  30  3:44  Drone x3  
  32  3:48  Drone  
  32  3:49  Drone  
  32  3:53  Drone x2  
  34  4:01  Drone  
  34  4:02  Queen  
  37  4:08  Drone  
  38  4:13  Zergling x2  
  38  4:15  Drone x2  
  41  4:17  Drone  
  41  4:20  Queen  
  41  4:21  Drone x2  
  41  4:22  Drone  
  47  4:25  Extractor  
  47  4:26  Overlord  
  46  4:38  Lair  
  46  4:40  Extractor  
  46  4:41  Drone x4, Extractor  
  48  4:49  Overlord  
  48  4:50  Drone x2  
  48  4:52  Drone x3  
  53  4:53  Drone  
  53  4:59  Spore Crawler  
  53  5:05  Zergling x6  
  56  5:09  Evolution Chamber  
  56  5:10  Drone  
  56  5:11  Drone x3  
  59  5:18  Zergling x2  
  60  5:25  Overlord  
  60  5:27  Drone  
  61  5:29  Drone  
  61  5:30  Overlord x2  
  61  5:33  Overlord  
  61  5:35  Zerg Missile Weapons Level 1  
  62  5:38  Hydralisk Den  
  61  5:45  Hatchery  
  61  5:47  Drone x2  
  61  5:48  Drone  
  63  5:52  Overlord  
  63  5:54  Zergling x4  
  65  6:02  Overlord  
  65  6:07  Drone x5  
  65  6:10  Hydralisk x2, Muscular Augments  
  74  6:16  Hydralisk x3  
  80  6:20  Hydralisk  
  80  6:21  Hydralisk  
  84  6:25  Overseer  
  84  6:26  Overlord  
  84  6:32  Drone x2  
  86  6:33  Drone, Hydralisk  
  86  6:34  Spore Crawler, Hydralisk  
  90  6:48  Hydralisk x4  
  90  6:50  Overlord  
  98  7:00  Hydralisk x3  
  104  7:02  Overlord x3  
  104  7:12  Overlord  
  104  7:14  Zergling x16  
  112  7:21  Lurker Den  
  109  7:35  Zerg Missile Weapons Level 2  
  108  7:38  Hydralisk x4  
  108  7:39  Zergling x2  
  108  7:40  Zergling x20  
  108  7:43  Drone  
  126  7:44  Extractor x2  
  99  8:06  Zergling x18  
  99  8:10  Queen  
  99  8:11  Drone x4  
  103  8:21  Drone x7  
  103  8:22  Drone  
  111  8:32  Hydralisk x7  
  124  8:36  Spire  
  109  8:49  Zergling x6  
  109  8:50  Zergling x4  
  109  8:54  Drone x6  
  109  8:55  Drone  
  116  8:57  Extractor x2  
  116  8:58  Hatchery  
  108  9:15  Overlord  
  108  9:16  Overlord  
  107  9:26  Drone x2  
  107  9:27  Drone x2  
  111  9:33  Hydralisk  
  111  9:34  Hydralisk x17  
  147  9:51  Corruptor  
  147  9:52  Corruptor x5  
  139  10:12  Corruptor  
  139  10:13  Corruptor x4  
  136  10:24  Zergling x2  
  136  10:25  Zergling x24  
  143  10:38  Zergling x12  
  149  10:43  Evolution Chamber  
  144  10:54  Zergling x30  
  144  10:55  Zergling x6  
  154  11:36  Hatchery  
Show
View Real Time Build Order
Export as new Build Order

CranK Protoss 

Build Orders: Nexus First 

Get SALT Encoding   

  12  0:01  Probe  
  13  0:14  Pylon  
  13  0:18  Probe  
  14  0:32  Probe (Chrono Boost)  
  15  0:41  Probe (Chrono Boost)  
  16  0:49  Probe  
  17  1:00  Nexus  
  17  1:02  Probe  
  18  1:15  Probe (Chrono Boost)  
  18  1:17  Gateway  
  19  1:24  Probe (Chrono Boost)  
  20  1:26  Assimilator  
  20  1:30  Assimilator  
  21  1:32  Probe  
  21  1:45  Probe  
  21  1:46  Pylon  
  22  2:04  Cybernetics Core, Probe (Chrono Boost)  
  23  2:13  Zealot  
  23  2:15  Probe (Chrono Boost)  
  27  2:17  Probe (Chrono Boost)  
  28  2:25  Probe (Chrono Boost)  
  28  2:26  Probe (Chrono Boost)  
  29  2:33  Probe (Chrono Boost)  
  29  2:35  Probe (Chrono Boost)  
  32  2:45  Stalker (Chrono Boost)  
  32  2:46  Mothership Core (Chrono Boost)  
  34  2:56  Warp Gate  
  34  3:04  Probe x2  
  36  3:15  Sentry (Chrono Boost)  
  38  3:20  Pylon  
  33  3:45  Stalker (Chrono Boost)  
  35  3:58  Probe  
  35  3:59  Probe  
  37  4:10  Probe (Chrono Boost)  
  37  4:11  Probe (Chrono Boost), Pylon  
  37  4:14  Pylon  
  41  4:22  Probe (Chrono Boost)  
  41  4:23  Probe (Chrono Boost)  
  43  4:29  Probe x2 (Chrono Boost)  
  43  4:31  Assimilator  
  43  4:33  Stargate  
  43  4:35  Assimilator  
  45  4:40  Probe x2 (Chrono Boost)  
  45  4:44  Forge  
  45  4:45  Gateway  
  45  4:46  Probe (Chrono Boost)  
  45  4:48  Gateway  
  47  4:52  Probe (Chrono Boost)  
  47  4:57  Probe (Chrono Boost)  
  48  5:04  Probe (Chrono Boost)  
  48  5:06  Probe (Chrono Boost)  
  50  5:10  Probe  
  50  5:14  Probe  
  52  5:17  Void Ray (Chrono Boost)  
  52  5:21  Pylon  
  56  5:24  Zealot  
  58  5:29  Probe  
  58  5:30  Probe  
  58  5:31  Photon Cannon  
  60  5:41  Probe  
  60  5:42  Probe  
  62  5:54  Probe x2  
  62  5:56  Nexus  
  64  5:59  Pylon  
  64  6:02  Pylon  
  63  6:09  Probe  
  64  6:14  Fleet Beacon  
  64  6:17  Stargate x2  
  64  6:20  Probe  
  64  6:21  Probe (Chrono Boost)  
  64  6:23  Photon Cannon  
  66  6:30  Pylon  
  66  6:32  Probe (Chrono Boost)  
  67  6:33  Probe (Chrono Boost)  
  68  6:42  Probe (Chrono Boost)  
  68  6:43  Probe (Chrono Boost)  
  70  6:49  Probe  
  70  6:50  Probe  
  76  7:01  Probe  
  76  7:02  Probe  
  76  7:04  Tempest (Chrono Boost)  
  76  7:06  Tempest (Chrono Boost)  
  82  7:12  Tempest (Chrono Boost)  
  82  7:15  Probe x3  
  89  7:17  Assimilator  
  89  7:20  Assimilator  
  89  7:28  Zealot  
  89  7:36  Tempest (Chrono Boost)  
  93  7:39  Tempest (Chrono Boost)  
  93  7:40  Photon Cannon  
  96  7:45  Tempest (Chrono Boost)  
  98  7:53  Zealot x3  
  98  7:56  Probe x2  
  104  8:03  Probe (Chrono Boost)  
  105  8:06  Forge  
  105  8:09  Pylon  
  105  8:10  Probe (Chrono Boost)  
  101  8:13  Probe (Chrono Boost)  
  103  8:23  Tempest (Chrono Boost)  
  103  8:24  Pylon x2  
  103  8:26  Pylon  
  105  8:32  Tempest (Chrono Boost)  
  109  8:37  Zealot x2  
  111  8:43  Probe x3  
  96  8:48  Pylon  
  96  8:49  Pylon  
  93  8:58  Tempest (Chrono Boost)  
  93  8:59  Tempest (Chrono Boost)  
  93  9:01  Zealot x2  
  105  9:20  Tempest (Chrono Boost)  
  105  9:26  Tempest (Chrono Boost)  
  105  9:27  Zealot x2  
  113  9:45  Tempest (Chrono Boost)  
  117  9:47  Sentry  
  119  9:57  Pylon  
  103  10:19  Tempest (Chrono Boost)  
  107  10:27  Tempest (Chrono Boost)  
  102  10:30  Zealot x2  
Tags
 
Add a new tag
Caveats
  • Supply blocks, unpowered buildings, or Contaminate may cause inaccurate times.
  • Supply counts are checked every 10 seconds.